Map: Dreamcatcher LE

Players

Trizztein

  • Race: Terran Terran
  • League: Diamond
  • Spawn Location: 5:00

A.I. 1 (Very Easy) - Winner!

  • Race: Protoss Protoss
  • Spawn Location: 11:00

VOD

Have the link to the VOD?

Description

Time

  • Played on: July 13, 2018, 8:21 a.m.
  • Length: 7:30
Show
View Real Time Build Order
Export as new Build Order

Trizztein Terran 

Build Orders: Liberator Opening 

Get SALT Encoding   

  6  0:00  SCV  
  13  0:12  SCV  
  14  0:17  Supply Depot  
  14  0:24  SCV  
  14  0:28  Refinery  
  15  0:38  SCV  
  16  0:45  Barracks  
  16  0:50  SCV  
  17  1:03  SCV  
  18  1:15  SCV  
  19  1:31  Orbital Command, Marine  
  20  1:33  Factory  
  20  1:52  Supply Depot  
  20  1:58  SCV  
  21  2:05  Command Center  
  21  2:10  Refinery  
  21  2:13  SCV  
  22  2:17  Widow Mine  
  24  2:23  Barracks Reactor  
  24  2:25  SCV  
  25  2:31  Supply Depot  
  25  2:37  SCV  
  25  2:39  Widow Mine  
  28  2:46  Starport  
  28  2:50  SCV  
  30  3:05  SCV  
  30  3:11  Hellion x2  
  30  3:12  Barracks Reactor  
  34  3:17  SCV  
  35  3:20  Orbital Command  
  35  3:25  Starport Tech Lab  
  35  3:29  SCV  
  35  3:33  Hellion  
  38  3:37  Liberator  
  38  3:42  SCV  
  38  3:47  SCV  
  40  3:54  SCV, Medivac  
  46  3:56  Marine  
  46  3:58  Stimpack  
  46  3:59  SCV  
  48  4:04  Supply Depot  
  48  4:06  SCV  
  49  4:11  Engineering Bay  
  49  4:12  SCV  
  50  4:18  SCV, Bunker  
  50  4:19  Factory Tech Lab  
  50  4:22  Marine  
  52  4:24  SCV  
  52  4:27  Supply Depot  
  52  4:30  SCV  
  54  4:33  Barracks  
  54  4:36  SCV  
  55  4:39  Siege Tank  
  55  4:40  Marine  
  55  4:42  SCV  
  55  4:45  Terran Infantry Weapons Level 1  
  60  4:49  SCV  
  60  4:52  Supply Depot  
  61  4:55  SCV  
  61  4:58  Marine  
  63  5:01  SCV, Refinery  
  63  5:02  Refinery  
  63  5:05  Barracks  
  65  5:07  SCV  
  65  5:13  SCV  
  66  5:18  Liberator  
  66  5:19  SCV  
  67  5:24  Barracks x2  
  67  5:25  SCV  
  67  5:27  Barracks  
  68  5:31  SCV  
  68  5:35  Medivac  
  74  5:37  SCV  
  74  5:39  Factory Tech Lab, Supply Depot  
  74  5:42  Supply Depot  
  73  5:46  SCV  
  73  5:47  Marine x3  
  73  5:49  SCV  
  78  6:00  Siege Tank  
  78  6:02  Supply Depot  
  82  6:04  Supply Depot  
  82  6:06  Marine x4  
  85  6:13  Marine  
  85  6:15  Concussive Shells  
  85  6:16  Marine  
  85  6:17  Marine  
  88  6:21  Medivac  
  88  6:24  Marine, Supply Depot  
  88  6:25  Liberator  
  91  6:26  Supply Depot  
  91  6:28  Marine x2  
  91  6:29  Marine  
  91  6:31  Marine  
  94  6:34  Marine  
  94  6:35  Marine  
  94  6:38  Siege Tank  
  99  6:41  Marine  
  99  6:46  Marine x2  
  105  6:50  Marine x2  
  105  6:52  Marine  
  105  6:53  Marine  
  112  6:59  Marine  
  113  7:02  Supply Depot  
  113  7:03  Marine, Supply Depot  
  113  7:04  Marine  
  113  7:07  Marine x2  
  117  7:10  Marine  
  117  7:11  Marine  
  125  7:26  Bunker  
  125  7:27  Missile Turret  
Show
View Real Time Build Order
Export as new Build Order

A.I. 1 (Very Easy) Protoss - Winner!

Build Orders:  

Get SALT Encoding   

  6  0:00  Probe  
  13  0:13  Probe  
  14  0:19  Pylon  
  14  0:36  Assimilator  
  14  0:43  Gateway  
  14  0:47  Pylon  
  14  1:13  Assimilator  
  14  1:16  Probe  
  14  1:24  Probe  
  15  1:32  Probe  
  16  1:33  Cybernetics Core  
  17  1:42  Probe  
  18  1:54  Probe  
  18  1:59  Warp Gate  
  19  2:02  Probe  
  20  2:09  Stalker  
  22  5:15  Stalker  
  22  5:17  Probe  
  22  5:19  Pylon  
  16  5:22  Robotics Facility  
  16  5:26  Probe  
  13  5:34  Probe  
  15  5:44  Probe, Zealot  
  18  5:56  Probe  
  19  6:04  Observer  
  19  6:08  Probe  
  21  6:13  Stalker  
  23  6:20  Probe  
  23  6:21  Observer  
  25  6:32  Probe  
  24  6:44  Probe  
  25  6:56  Probe  
  26  7:07  Probe, Zealot  
  28  7:15  Probe  
Tags
 
Add a new tag
Caveats
  • Supply blocks, unpowered buildings, or Contaminate may cause inaccurate times.
  • Supply counts are checked every 10 seconds.